 Dungeon Crawl Stone Soup version 0.22.0-40-g68aacdc (webtiles) character file.

2023 Lew the Blocker (level 9, -4/74 HPs)
             Began as a Minotaur Fighter on Sept 1, 2018.
             Was an Initiate of Gozag.
             Slain by an orc warrior
             ... wielding a +0 halberd
              (7 damage)
             ... on level 6 of the Dungeon.
             The game lasted 00:07:18 (3832 turns).

Lew the Blocker (Minotaur Fighter)                  Turns: 3832, Time: 00:07:19

Health: -4/74      AC:  8    Str: 20    XL:     9   Next: 3%
Magic:  8/8        EV: 11    Int:  5    God:    Gozag
Gold:   518        SH: 12    Dex: 14    Spells: 8/8 levels left

rFire    + + .     SeeInvis .   p - +2 war axe (chop)
rCold    + + .     Gourm    .   c - +0 shield
rNeg     . . .     Faith    .   b - +0 scale mail
rPois    +         Spirit   .   (helmet restricted)
rElec    .         Reflect  .   t - scarf {rC+ rF+}
rCorr    .         Harm     .   (no gloves)
MR       .....                  e - +0 pair of boots
Stlth    ..........             (no amulet)
HPRegen  0.22/turn              h - ring of protection from cold
MPRegen  0.11/turn              m - ring of protection from fire

@: gold aura
A: retaliatory headbutt, horns 2, poison resistance, wild magic 1
a: Potion Petition, Call Merchant, Bribe Branch, Renounce Religion


You were on level 6 of the Dungeon.
You worshipped Gozag.
Gozag was pleased with you.
You were not hungry.

You visited 1 branch of the dungeon, and saw 6 of its levels.

You collected 540 gold pieces.
You paid 22 gold pieces to Gozag.

Inventory:

Hand Weapons
 a - a +0 trident
 p - a +2 war axe of chopping (weapon)
Armour
 b - a +0 scale mail (worn)
 c - a +0 shield (worn)
 e - a +0 pair of boots (worn)
 n - a +0 cloak
 t - a scarf of resistance (worn)
Jewellery
 h - a ring of protection from cold (left hand)
 m - a ring of protection from fire (right hand)
 u - an uncursed ring of magical power
 A - an uncursed ring of stealth
Wands
 x - a wand of random effects (64)
 y - a wand of disintegration (14)
Scrolls
 g - 4 scrolls of remove curse
Potions
 d - a potion of might
 q - 3 potions of curing
 r - a potion of agility
Comestibles
 f - 6 rations


   Skills:
 - Level 5.5 Fighting
 - Level 4.5(5.5) Axes
 - Level 4.8(5.7) Polearms
 - Level 5.5 Armour
 - Level 5.0 Dodging
 + Level 10.1 Shields


You had 8 spell levels left.
You didn't know any spells.
Your spell library was empty.

Dungeon Overview and Level Annotations

Branches:
Dungeon (6/15)             Temple (0/1) D:4

Altars:
Gozag
Qazlal
Ru
Sif Muna
Uskayaw
Xom
Yredelemnul
The Shining One

Shops:
D:4 %


Innate Abilities, Weirdness & Mutations

You reflexively headbutt those who attack you in melee.
You have a pair of horns on your head.
Your system is resistant to poisons. (rPois)
Your spells are a little harder to cast, but a little more powerful.


Message History

You headbutt the orc wizard. You hit the orc.
The orc is severely wounded.
You hit the orc wizard.
The orc is distracted by the nearby gold.
The orc wizard casts a spell at you. The puff of flame hits you! You resist.
* * * LOW HITPOINT WARNING * * *
The orc warrior hits you from afar with a halberd!!
* * * LOW HITPOINT WARNING * * *
The orc shouts!
You closely miss the orc wizard. You headbutt the orc wizard!
The orc wizard is almost dead.
You barely miss the orc.
The orc is no longer distracted by gold.
The orc wizard gestures at you while chanting.
You easily resist.
You block the orc's attack.
The orc warrior hits you from afar with a halberd!
You die...
Your body crumbles into a pile of gold.

#....# #./..#
#....#+###+# #...........
#........... +...........
+###..$ooo..... .......@#
........# $ ........# #
........####+## ##+###
..............#
##...##+#####..........##
#
#...........#####........
#
#.<.............+........
#
#...............#........
#


You could see an orc warrior, an orc wizard and an orc.

Vanquished Creatures
  A two-headed ogre (D:6)
  Pikel (D:4)
  A phantom (D:4)
  4 slaves (D:4)
  An ogre (D:5)
  A centaur (D:5)
  3 scorpions
  A crimson imp (D:5)
  An orc priest (D:6)
  2 jellies (D:5)
  2 orc wizards (D:3)
  3 worker ants
  Natasha (thrice) (D:2)
  2 iguanas (D:5)
  A hound skeleton (D:5)
  4 gnolls (D:4)
  3 adders
  2 worms (D:3)
  5 dart slugs
  3 leopard geckos
  4 orcs
  6 bats
  5 giant cockroaches
  2 gnoll zombies (D:3)
  5 goblins
  5 hobgoblins
  10 jackals
  2 quokkas
  A ball python (D:3)
  3 frilled lizards
  A giant cockroach zombie (D:5)
  4 kobolds
  5 rats
97 creatures vanquished.

Notes
Turn   | Place    | Note
-------+----------+-------------------------------------------
     0 | D:1      | Lew the Minotaur Fighter began the quest for the Orb.
     0 | D:1      | Reached XP level 1. HP: 19/19 MP: 0/0
   113 | D:1      | Reached XP level 2. HP: 21/27 MP: 1/1
   346 | D:1      | Reached skill level 1 in Dodging
   708 | D:2      | Noticed Natasha
   710 | D:2      | Noticed a crimson imp
   711 | D:2      | Reached XP level 3. HP: 33/33 MP: 2/2
   722 | D:2      | Killed Natasha
   722 | D:2      | Reached skill level 4 in Shields
   748 | D:2      | Noticed Natasha
   756 | D:2      | Killed Natasha
   756 | D:2      | Reached XP level 4. HP: 21/40 MP: 3/3
   957 | D:2      | Found a sacrificial altar of Ru.
  1051 | D:2      | Found an opulent altar of Gozag.
  1078 | D:2      | Became a worshipper of Gozag Ym Sagoz the Greedy
  1091 | D:2      | Noticed Natasha
  1100 | D:2      | Killed Natasha
  1339 | D:3      | Reached XP level 5. HP: 45/47 MP: 4/4
  1368 | D:3      | Reached skill level 1 in Axes
  1645 | D:3      | Found a deep blue altar of Sif Muna.
  1730 | D:3      | Found a shimmering altar of Xom.
  1857 | D:3      | Found a basalt altar of Yredelemnul.
  2002 | D:4      | Found a hide-covered altar of Uskayaw.
  2073 | D:4      | Found Behasod's Food Boutique.
  2168 | D:4      | Found a stormy altar of Qazlal.
  2174 | D:4      | Noticed a phantom
  2190 | D:4      | Killed a phantom
  2190 | D:4      | Reached XP level 6. HP: 47/55 MP: 5/5
  2194 | D:4      | Noticed a slave
  2197 | D:4      | Noticed Pikel
  2197 | D:4      | Noticed a slave
  2199 | D:4      | Noticed a slave
  2199 | D:4      | Noticed a slave
  2204 | D:4      | Killed a slave
  2209 | D:4      | Killed Pikel
  2209 | D:4      | Reached skill level 5 in Fighting
  2209 | D:4      | Reached skill level 5 in Armour
  2209 | D:4      | Reached skill level 5 in Shields
  2209 | D:4      | Reached XP level 7. HP: 37/61 MP: 6/6
  2432 | D:4      | Found a staircase to the Ecumenical Temple.
  2701 | D:5      | Entered Level 5 of the Dungeon
  2753 | D:5      | Reached skill level 6 in Shields
  2805 | D:5      | Reached XP level 8. HP: 65/69 MP: 7/7
  3084 | D:5      | Reached skill level 5 in Dodging
  3097 | D:5      | Found a glowing golden altar of the Shining One.
  3166 | D:5      | Reached skill level 7 in Shields
  3582 | D:5      | Got a steaming spear
  3583 | D:5      | Identified the cursed +0 spear of Plog {pain, rF+} (You found it on level 5 of the Dungeon)
  3716 | D:6      | Gained mutation: Your system is resistant to poisons. (rPois) [potion of mutation]
  3716 | D:6      | Gained mutation: Your spells are a little harder to cast, but a little more powerful. [potion of mutation]
  3821 | D:6      | Noticed a two-headed ogre
  3829 | D:6      | Killed a two-headed ogre
  3829 | D:6      | Reached skill level 10 in Shields
  3829 | D:6      | Reached XP level 9. HP: 22/74 MP: 8/8
  3831 | D:6      | HP: 3/74 [orc warrior/halberd (19)]
  3832 | D:6      | Slain by an orc warrior

Skill      XL: |  1  2  3  4  5  6  7  8 |
---------------+-------------------------+-----
Dodging        | 1 2 3 4 5 |  5.0
Armour         | 4 5 |  5.5
Fighting       | 4 5 |  5.5
Polearms       | 3 4 |  4.8
Shields        | 4 5 6 10 | 10.1
Axes           | 1 3 4 |  4.5

Action                   |  1- 3 |  4- 6 |  7- 9 || total
-------------------------+-------+-------+-------++-------
Melee: Trident           |    80 |    10 |       ||    90
       Headbutt          |     7 |    21 |    14 ||    42
       War axe           |       |   105 |    75 ||   180
  Use: Scroll            |       |       |     9 ||     9
       Potion            |       |       |     7 ||     7
  Eat: Ration            |       |     2 |     2 ||     4
Armor: Scale mail        |    57 |    80 |    18 ||   155
Dodge: Dodged            |    33 |    38 |    28 ||    99
Block: Shield            |    38 |    68 |    39 ||   145
